[Event "ICC tourney 2801 (60 5)"]
[Site "Internet Chess Club"]
[Date "2022.01.22"]
[Round "2"]
[White "BANDREDDI, AARUSH:AarushB"]
[Black "Jones, Richard S:weakfish"]
[Result "0-1"]
[ICCResult "White resigns"]
[WhiteElo "1012"]
[BlackElo "1422"]
[Opening "Caro-Kann: classical, Spassky variation"]
[ECO "B18"]
[NIC "CK.12"]
[Time "14:00:18"]
[PlyCount "66"]
[TimeControl "3600+5"]

1. e4 c6 2. d4 d5 3. Nc3 dxe4 4. Nxe4 Bf5 5. Ng3 Bg6 6. Nf3 Nd7 7. h4 h6 8.
h5 Bh7 9. Bd3 Bxd3 10. Qxd3 Ngf6 11. Bd2 e6 12. O-O-O Be7 13. Bc3 a5 14. Kb1
Nd5 15. Rhe1 b5 16. b3 a4 17. Ka1 b4 18. Bd2 axb3 19. cxb3 Qa5 20. Qc2 Bf6
21. Ne5 Nxe5 22. dxe5 Bg5 23. Qxc6+ Ke7 24. a4 Rhc8 25. Bxg5+ hxg5 26. Qd6+
Ke8 27. Ne4 Ra6 28. Qxa6 Qxa6 29. Nd6+ Ke7 30. Nxc8+ Qxc8 31. Rc1 Nc3 32.
Re4 Qc5 33. f3 Qf2 {White resigns} 0-1

[Event "ICC tourney 2801 (60 5)"]
[Site "Internet Chess Club"]
[Date "2022.01.22"]
[Round "2"]
[White "BRUDNO, STEPHEN:StevChess01"]
[Black "BANDREDDI, MEERA:MeeraBLab"]
[Result "1-0"]
[ICCResult "Black resigns"]
[WhiteElo "1440"]
[BlackElo "1205"]
[Opening "King's Indian: Sämisch, orthodox variation"]
[ECO "E85"]
[NIC "KI.43"]
[Time "14:00:16"]
[PlyCount "109"]
[TimeControl "3600+5"]

1. d4 Nf6 2. c4 g6 3. f3 Bg7 4. e4 d6 5. Nc3 O-O 6. Be3 e5 7. Nge2 Nbd7 8.
Qd2 b6 9. d5 Ne8 10. O-O-O f5 11. Kb1 Bb7 12. Nc1 Nc5 13. Nd3 Nf6 14. Nxc5
bxc5 15. h3 Rb8 16. Ka1 Ba6 17. Qc2 Nd7 18. g4 f4 19. Bf2 Nb6 20. b3 Qd7 21.
g5 c6 22. h4 cxd5 23. Nxd5 Nxd5 24. cxd5 Bxf1 25. Rdxf1 a5 26. a4 Qb7 27.
Rb1 Rfc8 28. Qc4 Qb4 29. Qxb4 Rxb4 30. Rhc1 c4 31. Be1 Rbb8 32. Rxc4 Rxc4
33. bxc4 Ra8 34. Rb5 h6 35. Ka2 Kf8 36. Rxa5 Rxa5 37. Bxa5 Ke8 38. Be1 Kd7
39. Kb3 hxg5 40. hxg5 Bf8 41. Kb4 Be7 42. Bh4 Bd8 43. c5 dxc5+ 44. Kxc5 Be7+
45. Kb6 Kd6 46. a5 Bd8+ 47. Kb5 Kc7 48. a6 Kb8 49. d6 Ka7 50. Bf2+ Ka8 51.
d7 Bxg5 52. Bb6 Be7 53. d8=Q+ Bxd8 54. Bxd8 Ka7 55. Bf6 {Black resigns} 1-0

[Event "ICC tourney 2801 (60 5)"]
[Site "Internet Chess Club"]
[Date "2022.01.22"]
[Round "2"]
[White "CHANG, ALEXANDER:Elatedbook"]
[Black "ASHOK, AMUDHAN:amudhanashok"]
[Result "1-0"]
[ICCResult "Black resigns"]
[WhiteElo "1226"]
[BlackElo "963"]
[Opening "Latvian counter-gambit"]
[ECO "C40"]
[NIC "KP.09"]
[Time "14:00:17"]
[PlyCount "87"]
[TimeControl "3600+5"]

1. e4 e5 2. Nf3 f5 3. Nc3 Nf6 4. d3 Nc6 5. Bg5 Be7 6. Be2 h6 7. Bxf6 Bxf6 8.
Nd5 Ne7 9. Ne3 f4 10. Nc4 d5 11. Ncxe5 Qd6 12. d4 dxe4 13. Nc4 Qd5 14. Nfe5
Bxe5 15. Nxe5 a6 16. Bc4 Qd6 17. Nf7 Qb4+ 18. c3 Qxc4 19. Nxh8 Be6 20. Qh5+
Kd7 21. Ng6 Bf7 22. Ne5+ Ke8 23. Nxc4 Bxh5 24. O-O Be2 25. Rfe1 Bxc4 26.
Rxe4 g5 27. Rae1 Kd7 28. Rxe7+ Kd6 29. a3 Rh8 30. f3 b5 31. Kf2 Bd5 32. Re8
Rh7 33. R1e5 a5 34. Ke1 a4 35. Kf2 h5 36. Rd8+ Kc6 37. Rdxd5 Rg7 38. Rxg5
Re7 39. Rc5+ Kb6 40. Rxb5+ Ka6 41. Ra5+ Kb6 42. Rxh5 Re3 43. Rae5 Rd3 44.
Ke2 {Black resigns} 1-0

[Event "ICC tourney 2801 (60 5)"]
[Site "Internet Chess Club"]
[Date "2022.01.22"]
[Round "2"]
[White "KINKUS, SAM E:Grandslam34"]
[Black "RAMANATHAN, VARUN:Grasshopper411"]
[Result "0-1"]
[ICCResult "White checkmated"]
[WhiteElo "799"]
[BlackElo "1068"]
[Opening "Caro-Kann: closed (Breyer) variation"]
[ECO "B10"]
[NIC "CK.01"]
[Time "14:00:29"]
[PlyCount "76"]
[TimeControl "3600+5"]

1. e4 c6 2. d3 d5 3. Nd2 e5 4. Ngf3 Qc7 5. c3 Nf6 6. g3 Be6 7. Bg2 Nbd7 8.
O-O Be7 9. Re1 O-O-O 10. Qe2 h6 11. exd5 cxd5 12. Nxe5 Nxe5 13. Qxe5 Bd6 14.
Qe3 Rhe8 15. Qxa7 Kd7 16. Qa4+ Ke7 17. Nf3 Kf8 18. Be3 Ra8 19. Qc2 Bc5 20.
d4 Bb6 21. Ne5 Ne4 22. Bxe4 dxe4 23. Qxe4 Rad8 24. Bf4 Qc8 25. Qh7 Ke7 26.
Qxg7 Bd5 27. Ng6+ Kd7 28. Rxe8 Rxe8 29. Ne5+ Rxe5 30. Bxe5 Bd8 31. Qg4+ Be6
32. Qg8 Qc6 33. Re1 Qf3 34. Re3 Qd1+ 35. Kg2 Bd5+ 36. Kh3 Qf1+ 37. Kg4 Be6+
38. Kh5 Qh3# {White checkmated} 0-1

[Event "ICC tourney 2801 (60 5)"]
[Site "Internet Chess Club"]
[Date "2022.01.22"]
[Round "2"]
[White "IRANIAN PRABHU KUMAR, ASHWIN:IPAshwin2013"]
[Black "JAIN, PARINYA:StockAlpha2020"]
[Result "0-1"]
[ICCResult "White checkmated"]
[WhiteElo "757"]
[BlackElo "1288"]
[Opening "Giuoco Pianissimo"]
[ECO "C50"]
[NIC "IG.02"]
[Time "14:00:23"]
[PlyCount "82"]
[TimeControl "3600+5"]

1. e4 e5 2. Nf3 Nc6 3. Bc4 Bc5 4. d3 h6 5. O-O Nf6 6. Be3 Bb6 7. Nc3 d6 8.
h3 O-O 9. Nd5 Nxd5 10. Bxd5 Ne7 11. Bb3 Ng6 12. c3 Qf6 13. d4 Rd8 14. Qe2
Bd7 15. Rad1 a6 16. c4 exd4 17. Nxd4 Bxd4 18. Bxd4 Nf4 19. Qf3 Qh4 20. Kh2
Ne6 21. c5 dxc5 22. Bxe6 Bxe6 23. Bxc5 h5 24. Qg3 Qxe4 25. Qxc7 Rdc8 26. Qd6
Rc6 27. Qe7 Qe5+ 28. f4 Qxc5 29. Rd8+ Rxd8 30. Qxd8+ Kh7 31. Qd3+ Bf5 32.
Qf3 g6 33. g4 Qc2+ 34. Rf2 Be4 35. Qe3 Qb1 36. gxh5 Qh1+ 37. Kg3 Qg1+ 38.
Kh4 Bf5 39. Qf3 g5+ 40. fxg5 Rc4+ 41. Qf4 Qxf2# {White checkmated} 0-1

[Event "ICC tourney 2801 (60 5)"]
[Site "Internet Chess Club"]
[Date "2022.01.22"]
[Round "2"]
[White "LAIDO, MATTHEW:Dabao"]
[Black "JACKSON, MASSIMO MATEO:Yeetamus123"]
[Result "0-1"]
[ICCResult "White resigns"]
[WhiteElo "1062"]
[BlackElo "1383"]
[Opening "Sicilian: Alapin's variation (2.c3)"]
[ECO "B22"]
[NIC "SI.47"]
[Time "14:00:29"]
[PlyCount "88"]
[TimeControl "3600+5"]

1. e4 c5 2. c3 Nf6 3. e5 Nd5 4. d4 cxd4 5. cxd4 Nc6 6. Nf3 d6 7. exd6 Qxd6
8. Nc3 g6 9. Bc4 Nb6 10. Bb3 Bg7 11. Be3 O-O 12. O-O Bf5 13. Qd2 Rad8 14.
Nb5 Qd7 15. Rfd1 a6 16. Nc3 Qc7 17. h3 Nxd4 18. Nxd4 e5 19. Nce2 exd4 20.
Nxd4 Rd7 21. Rac1 Qd8 22. Qb4 a5 23. Qd2 Rd6 24. f3 a4 25. Bc2 Nc4 26. Qf2
Nxe3 27. Qxe3 Bxd4 28. Rxd4 Rxd4 29. Bxf5 gxf5 30. Qe1 Qb6 31. Qf2 Rd6 32.
Kf1 Qxf2+ 33. Kxf2 Rd2+ 34. Kg1 Rxb2 35. a3 Rb3 36. Ra1 Rc8 37. Kh2 Rcc3 38.
Re1 Rxa3 39. Re8+ Kg7 40. Rb8 Rab3 41. Ra8 a3 42. Ra7 Rc2 43. h4 a2 44. Kg3
Rb1 {White resigns} 0-1

[Event "ICC tourney 2801 (60 5)"]
[Site "Internet Chess Club"]
[Date "2022.01.22"]
[Round "2"]
[White "SOUTHERLAND, TRIPP:Nachooo"]
[Black "MOORE, ADAM:madamimadam"]
[Result "0-1"]
[ICCResult "White checkmated"]
[WhiteElo "1219"]
[BlackElo "1465"]
[Opening "Alekhine's defense"]
[ECO "B02"]
[NIC "AL.10"]
[Time "14:00:32"]
[PlyCount "58"]
[TimeControl "3600+5"]

1. e4 Nf6 2. e5 Nd5 3. Nf3 d6 4. c4 Nb6 5. d4 Nc6 6. Nc3 Bg4 7. exd6 exd6 8.
Be3 Be7 9. b3 Bf6 10. Be2 O-O 11. O-O Re8 12. Re1 a6 13. a3 Qd7 14. Qd2 Re7
15. Rad1 Rae8 16. Qc2 g6 17. c5 Bxf3 18. Bxf3 Nxd4 19. Qd2 Nxf3+ 20. gxf3
Be5 21. f4 Qg4+ 22. Kh1 Bxc3 23. Qxc3 dxc5 24. Qxc5 Qf3+ 25. Kg1 h5 26. Qg5
c6 27. Rf1 Nd5 28. Bd4 Nxf4 29. Qh6 Qg2# {White checkmated} 0-1

[Event "ICC tourney 2801 (60 5)"]
[Site "Internet Chess Club"]
[Date "2022.01.22"]
[Round "3"]
[White "RAMANATHAN, VARUN:Grasshopper411"]
[Black "kukkadapu, sridattha kumar:srichess23"]
[Result "0-1"]
[ICCResult "White checkmated"]
[WhiteElo "1068"]
[BlackElo "849"]
[Opening "Pirc defense"]
[ECO "B07"]
[NIC "PU.08"]
[Time "17:00:19"]
[PlyCount "78"]
[TimeControl "3600+5"]

1. e4 d6 2. d4 Nf6 3. Nc3 Nbd7 4. Bc4 e5 5. Nf3 Be7 6. dxe5 dxe5 7. Be3 c6
8. Qe2 Qc7 9. O-O-O O-O 10. Nd2 b5 11. Bb3 a5 12. a3 b4 13. axb4 axb4 14.
Na4 c5 15. Nc4 Nxe4 16. f3 Nef6 17. Bf2 Ba6 18. Qe3 Bxc4 19. Bxc4 Rxa4 20.
b3 Ra1+ 21. Kb2 Ra3 22. f4 Rfa8 23. Ra1 Rxa1 24. Rxa1 Rxa1 25. Kxa1 Ng4 26.
Qg3 Nxf2 27. Qxf2 Bf6 28. fxe5 Qxe5+ 29. c3 Qxc3+ 30. Kb1 Qa1+ 31. Kc2 Qa2+
32. Kd3 Qxf2 33. Ke4 Qxg2+ 34. Kd3 Ne5+ 35. Ke3 Nxc4+ 36. bxc4 b3 37. h4 b2
38. h5 b1=Q 39. h6 Qbe4# {White checkmated} 0-1

[Event "ICC tourney 2801 (60 5)"]
[Site "Internet Chess Club"]
[Date "2022.01.22"]
[Round "3"]
[White "BIRUDAVOLU, SATHVIK:Vikki24"]
[Black "CAO, DANIEL:danielcao"]
[Result "1-0"]
[ICCResult "Black resigns"]
[WhiteElo "1007"]
[BlackElo "1210"]
[Opening "Sicilian defense"]
[ECO "B30"]
[NIC "SI.31"]
[Time "17:00:18"]
[PlyCount "51"]
[TimeControl "3600+5"]

1. e4 c5 2. Nf3 Nc6 3. Nc3 Nf6 4. Bc4 d5 5. exd5 Na5 6. Bb5+ Bd7 7. Bxd7+
Qxd7 8. O-O Nxd5 9. Nxd5 Qxd5 10. d3 e6 11. Bf4 h6 12. Qd2 g5 13. Be5 Rg8
14. Qxa5 g4 15. Nd2 Qxe5 16. Rfe1 Qf4 17. Rad1 Bd6 18. g3 Qg5 19. Ne4 Qd5
20. Nf6+ Kf8 21. Nxd5 exd5 22. Qd2 Rg6 23. c4 d4 24. Re2 f5 25. Rde1 a5 26.
Re6 {Black resigns} 1-0

[Event "ICC tourney 2801 (60 5)"]
[Site "Internet Chess Club"]
[Date "2022.01.22"]
[Round "3"]
[White "GUO, MAX:salamenceg"]
[Black "Lin, James:MeLikeGame"]
[Result "1-0"]
[ICCResult "Black checkmated"]
[WhiteElo "1139"]
[BlackElo "1373"]
[Opening "Ruy Lopez: 5.O-O"]
[ECO "C78"]
[NIC "RL.12"]
[Time "17:00:31"]
[PlyCount "87"]
[TimeControl "3600+5"]

1. e4 e5 2. Nf3 Nc6 3. Bb5 a6 4. Ba4 Nf6 5. O-O b5 6. Bb3 Bc5 7. a4 Rb8 8.
c3 d6 9. d4 Bb6 10. a5 Nxa5 11. Rxa5 Bxa5 12. dxe5 dxe5 13. Qxd8+ Kxd8 14.
Nxe5 Rf8 15. Nc6+ Ke8 16. Nxb8 Bb7 17. Bd5 Nxd5 18. exd5 Bxd5 19. Nxa6 Kd7
20. Rd1 Kc6 21. Nb4+ Bxb4 22. cxb4 Re8 23. Be3 Re4 24. Nc3 Rxb4 25. Nxd5
Rxb2 26. Ne7+ Kb7 27. Ra1 b4 28. Ra7+ Kb8 29. Nc6+ Kc8 30. h3 b3 31. Bf4 Kd7
32. Rxc7+ Ke6 33. Re7+ Kf6 34. Be5+ Kg6 35. Bxb2 f6 36. Re3 f5 37. Rxb3 Kh5
38. Bxg7 Kg6 39. Be5 Kg5 40. Nd4 Kg6 41. Rb6+ Kg5 42. Nf3+ Kh5 43. Bf4 h6
44. Rxh6# {Black checkmated} 1-0

[Event "ICC tourney 2801 (60 5)"]
[Site "Internet Chess Club"]
[Date "2022.01.22"]
[Round "3"]
[White "AYYAPPAN, ANUSHKA:Anushkaa"]
[Black "BADRINATH, ANIRUDH:abadrinath"]
[Result "1-0"]
[ICCResult "Black resigns"]
[WhiteElo "1303"]
[BlackElo "909"]
[Opening "Hungarian defense"]
[ECO "C50"]
[NIC "IG.03"]
[Time "17:00:19"]
[PlyCount "59"]
[TimeControl "3600+5"]

1. e4 e5 2. Nf3 Nc6 3. Bc4 Be7 4. O-O Nf6 5. d3 O-O 6. Nc3 Nd4 7. Nxe5 d6 8.
Nxf7 Rxf7 9. Bxf7+ Kxf7 10. Be3 c5 11. Ne2 Nxe2+ 12. Qxe2 Qb6 13. b3 Ng4 14.
Bd2 Bf6 15. Rab1 Bd4 16. h3 Nf6 17. c3 Be5 18. f4 c4+ 19. d4 Bxd4+ 20. cxd4
Qxd4+ 21. Be3 Qxe4 22. Qxc4+ d5 23. Qxe4 Nxe4 24. Rbc1 Ng3 25. Rfe1 Bf5 26.
Rc7+ Kg6 27. Bf2 Ne4 28. g4 Nxf2 29. gxf5+ Kxf5 30. Kxf2 {Black resigns} 1-0

[Event "ICC tourney 2801 (60 5)"]
[Site "Internet Chess Club"]
[Date "2022.01.22"]
[Round "3"]
[White "Singh, Saharsh:saharshsingh02"]
[Black "NAVANEETH, TEJAS:tejasdgr8"]
[Result "1-0"]
[ICCResult "Black checkmated"]
[WhiteElo "931"]
[BlackElo "933"]
[Opening "QGD Slav defense"]
[ECO "D10"]
[NIC "SL.01"]
[Time "17:00:20"]
[PlyCount "127"]
[TimeControl "3600+5"]

1. d4 d5 2. c4 c6 3. Nc3 Nf6 4. cxd5 cxd5 5. Bg5 e6 6. e3 Nc6 7. Nf3 Be7 8.
Bd3 O-O 9. O-O Bd7 10. Rc1 Rc8 11. Re1 a6 12. e4 dxe4 13. Nxe4 Nxe4 14. Bxe7
Qxe7 15. Bxe4 h6 16. Ne5 Nxe5 17. dxe5 Rxc1 18. Qxc1 Rc8 19. Qf4 Bc6 20.
Bxc6 Rxc6 21. h4 Qc7 22. Re3 Rc1+ 23. Kh2 Rc2 24. Rg3 Kh8 25. Qg4 g6 26. h5
g5 27. Qb4 Qc8 28. Rc3 Rxc3 29. bxc3 Kg7 30. Qe7 Kg8 31. Qf6 Qf8 32. f4 Qg7
33. fxg5 Qxg5 34. Qxg5+ hxg5 35. g4 Kg7 36. Kg3 f6 37. exf6+ Kxf6 38. Kf3 b5
39. Ke4 a5 40. a3 a4 41. Kd4 e5+ 42. Ke4 Ke6 43. h6 Kf6 44. h7 Kg7 45. Kxe5
Kxh7 46. Kf5 Kh6 47. Kf6 b4 48. cxb4 Kh7 49. b5 Kg8 50. Kxg5 Kf7 51. Kf5 Kg7
52. g5 Kf7 53. g6+ Kg7 54. b6 Kf8 55. b7 Kg7 56. b8=Q Kh6 57. Qh2+ Kg7 58.
Qh7+ Kf8 59. g7+ Ke7 60. g8=Q+ Kd6 61. Qd8+ Kc5 62. Qhc7+ Kb5 63. Qdb8+ Ka6
64. Qcb6# {Black checkmated} 1-0

[Event "ICC tourney 2801 (60 5)"]
[Site "Internet Chess Club"]
[Date "2022.01.22"]
[Round "3"]
[White "Jones, Richard S:weakfish"]
[Black "ZHAO, DANSON:K01-30127679"]
[Result "0-1"]
[ICCResult "White checkmated"]
[WhiteElo "1422"]
[BlackElo "1110"]
[Opening "Ruy Lopez: old Steinitz defense"]
[ECO "C62"]
[NIC "RL.02"]
[Time "17:01:12"]
[PlyCount "106"]
[TimeControl "3600+5"]

1. e4 e5 2. Nf3 Nc6 3. Bb5 d6 4. h3 Nf6 5. Nc3 Bd7 6. d3 a6 7. Ba4 Be7 8.
O-O O-O 9. Bg5 h6 10. Bh4 Re8 11. Bxf6 Bxf6 12. Nd5 Be6 13. Nxf6+ Qxf6 14.
Re1 Qg6 15. Kh2 b5 16. Bb3 Bxb3 17. axb3 Qf6 18. Qd2 Nd4 19. Nxd4 exd4 20.
f4 c5 21. Rf1 Qe6 22. Rf3 d5 23. Re1 dxe4 24. Rxe4 Qf5 25. g4 Qf6 26. Qe2
Qc6 27. Kg3 Rxe4 28. dxe4 Re8 29. e5 Qc7 30. c3 Qd7 31. cxd4 Qxd4 32. Re3
Qd7 33. Rd3 Qe7 34. Qd2 Ra8 35. Rd7 Qe6 36. Qd3 Rc8 37. Rd6 Qe8 38. Rxa6 Rd8
39. Rd6 Rxd6 40. Qxd6 Kh7 41. Qxc5 Qd7 42. Qd6 Qc8 43. Qd3+ Kh8 44. Qxb5 Qc1
45. Qe2 Qg1+ 46. Qg2 Qe1+ 47. Qf2 Qd1 48. Qf3 Qg1+ 49. Qg2 Qe3+ 50. Qf3 Qg1+
51. Kh4 Qe1+ 52. Kh5 g6+ 53. Kxh6 Qh4# {White checkmated} 0-1

[Event "ICC tourney 2801 (60 5)"]
[Site "Internet Chess Club"]
[Date "2022.01.22"]
[Round "3"]
[White "Wang, Chase:chensix"]
[Black "IRANIAN PRABHU KUMAR, ASHWIN:IPAshwin2013"]
[Result "0-1"]
[ICCResult "White checkmated"]
[WhiteElo "527"]
[BlackElo "757"]
[Opening "Ruy Lopez: 5.O-O"]
[ECO "C78"]
[NIC "RL.12"]
[Time "17:00:23"]
[PlyCount "58"]
[TimeControl "3600+5"]

1. e4 e5 2. Nf3 Nc6 3. Bb5 a6 4. Ba4 Nf6 5. O-O b5 6. Bb3 Bc5 7. a4 b4 8. c3
a5 9. d4 Ba6 10. Re1 Bd6 11. Ng5 O-O 12. Bxf7+ Rxf7 13. Nxf7 Kxf7 14. Qb3+
Kf8 15. d5 Na7 16. Nd2 Bc5 17. Nf3 d6 18. Ng5 Qe7 19. Ne6+ Kg8 20. Qd1 Bc8
21. Ng5 Ng4 22. Nh3 Qh4 23. Re2 Ba6 24. Rd2 Rf8 25. cxb4 Nxf2 26. Nxf2 Bxf2+
27. Kh1 Be1 28. h3 Rf1+ 29. Kh2 Bg3# {White checkmated} 0-1

[Event "ICC tourney 2801 (60 5)"]
[Site "Internet Chess Club"]
[Date "2022.01.22"]
[Round "3"]
[White "BANDREDDI, MEERA:MeeraBLab"]
[Black "LAIDO, MATTHEW:Dabao"]
[Result "1-0"]
[ICCResult "Black resigns"]
[WhiteElo "1205"]
[BlackElo "1062"]
[Opening "Queen's gambit declined"]
[ECO "D30"]
[NIC "QP.08"]
[Time "17:00:19"]
[PlyCount "71"]
[TimeControl "3600+5"]

1. d4 d5 2. c4 e6 3. Nf3 Nf6 4. g3 c5 5. Bg2 b6 6. O-O Bb7 7. b3 Be7 8. Bb2
O-O 9. Nc3 Nc6 10. Re1 cxd4 11. Nxd4 Nxd4 12. Qxd4 Bc5 13. Qd3 Qd7 14. e4 d4
15. Nb5 e5 16. f4 a6 17. fxe5 Nxe4 18. Bxe4 axb5 19. Bxb7 Qxb7 20. Bxd4 Rad8
21. Re4 Qxe4 22. Qxe4 Bxd4+ 23. Kg2 Bxa1 24. cxb5 Rfe8 25. Qc6 Rb8 26. Kh3
Bxe5 27. a4 Rec8 28. Qd5 Bc3 29. Qd7 h6 30. Qg4 Ba5 31. b4 Bxb4 32. Qxb4 Ra8
33. Qd6 Rcb8 34. Qd4 Rd8 35. Qxb6 Rd4 36. Qxd4 {Black resigns} 1-0

[Event "ICC tourney 2801 (60 5)"]
[Site "Internet Chess Club"]
[Date "2022.01.22"]
[Round "3"]
[White "MOORE, ADAM:madamimadam"]
[Black "JACKSON, MASSIMO MATEO:Yeetamus123"]
[Result "0-1"]
[ICCResult "White resigns"]
[WhiteElo "1465"]
[BlackElo "1383"]
[Opening "Sicilian: Grand Prix attack"]
[ECO "B23"]
[NIC "SI.44"]
[Time "17:00:43"]
[PlyCount "74"]
[TimeControl "3600+5"]

1. e4 c5 2. Nc3 Nc6 3. f4 g6 4. Bc4 Bg7 5. Nf3 d6 6. O-O Nf6 7. d3 O-O 8. a3
Bg4 9. Be3 Nd4 10. Bxd4 cxd4 11. Ne2 d5 12. exd5 Nxd5 13. Bxd5 Qxd5 14. Qe1
Rfe8 15. Qh4 Bf5 16. Ng3 Bd7 17. Ne4 Rac8 18. Rac1 Bf5 19. Rfe1 Qa2 20. g4
Bxe4 21. Rxe4 Qxb2 22. Rce1 Qxc2 23. Rxe7 Rxe7 24. Qxe7 Qxd3 25. Qxb7 Rd8
26. Ng5 Rf8 27. Qxa7 Qc3 28. Qe7 d3 29. Qb4 Qc2 30. Qb1 Bd4+ 31. Kh1 Qc6+
32. Ne4 d2 33. Rd1 Re8 34. Rxd2 Rxe4 35. Rg2 Re2 36. Qf1 Rxg2 37. Qxg2 Qc1+
{White resigns}
0-1

[Event "ICC tourney 2801 (60 5)"]
[Site "Internet Chess Club"]
[Date "2022.01.22"]
[Round "3"]
[White "JAIN, PARINYA:StockAlpha2020"]
[Black "Deshpande, Sarthak Yashodhan:King2012"]
[Result "1-0"]
[ICCResult "Black checkmated"]
[WhiteElo "1288"]
[BlackElo "1400"]
[Opening "Caro-Kann: advance variation"]
[ECO "B12"]
[NIC "CK.04"]
[Time "17:00:21"]
[PlyCount "81"]
[TimeControl "3600+5"]

1. e4 c6 2. d4 d5 3. e5 Bf5 4. c4 dxc4 5. Bxc4 e6 6. Nf3 Ne7 7. Nc3 Nd5 8.
Bg5 Be7 9. Bxe7 Qxe7 10. O-O O-O 11. Re1 Qb4 12. Bd3 Bg6 13. Bxg6 hxg6 14.
Ng5 Ne7 15. a3 Qc4 16. Qg4 Nf5 17. Qh3 Nh6 18. Re4 Rd8 19. Rh4 Rxd4 20. Rxh6
gxh6 21. b3 Qd3 22. Qxh6 Qf5 23. f4 Rxf4 24. g3 Rg4 25. Qh7+ Kf8 26. Nxf7 g5
27. Qh8+ Kxf7 28. Rf1 Rf4 29. gxf4 gxf4 30. Kh1 f3 31. Rg1 Ke7 32. Rg7+ Qf7
33. Rxf7+ Kxf7 34. Qh5+ Ke7 35. Qxf3 Nd7 36. Qg3 Rf8 37. Ne4 Rf5 38. Qg7+
Rf7 39. Qg5+ Kf8 40. Nd6 Rg7 41. Qd8# {Black checkmated} 1-0

[Event "ICC tourney 2801 (60 5)"]
[Site "Internet Chess Club"]
[Date "2022.01.22"]
[Round "3"]
[White "Hua, Joshua:lovealek"]
[Black "BANDREDDI, AARUSH:AarushB"]
[Result "0-1"]
[ICCResult "White resigns"]
[WhiteElo "493"]
[BlackElo "1012"]
[Opening "Sicilian defense"]
[ECO "B73"]
[NIC "SI.34"]
[Time "17:00:26"]
[PlyCount "148"]
[TimeControl "3600+5"]

1. e4 c5 2. Nf3 Nc6 3. d4 cxd4 4. Nxd4 Nf6 5. Nc3 g6 6. Be3 Bg7 7. Be2 O-O
8. O-O d6 9. Nxc6 bxc6 10. Qd2 Rb8 11. b3 Be6 12. Rad1 Qc7 13. h3 Rb4 14. a4
Nxe4 15. Nxe4 Rxe4 16. Bf3 Re5 17. Bd4 Ra5 18. Bxg7 Kxg7 19. Qc3+ Kg8 20.
Qxc6 Qxc6 21. Bxc6 Rc8 22. Be4 Re5 23. Bd3 Bf5 24. Bxf5 Rxf5 25. c4 Rb8 26.
Rb1 Rc5 27. Rfe1 Rc7 28. Re4 Rcb7 29. Re3 f5 30. g3 e5 31. Rd3 Rb6 32. f3
Kf7 33. g4 h5 34. gxh5 gxh5 35. h4 e4 36. fxe4 fxe4 37. Re3 Re8 38. Kh2 a5
39. Kh3 Kg7 40. Rg3+ Kh6 41. Rg5 e3 42. Rgg1 e2 43. Rge1 Rb7 44. Kg2 Rbe7
45. Rb2 Re6 46. Kf2 Rf8+ 47. Kg3 Rg6+ 48. Kh3 Rf3+ 49. Kh2 Rf4 50. Kh3 Rgg4
51. Rexe2 Rxh4+ 52. Kg3 Rhg4+ 53. Kh3 Rf3+ 54. Kh2 Rf6 55. Rg2 Rfg6 56. Rxg4
hxg4 57. Rg2 Kh5 58. Rg3 Kh4 59. Kg2 Re6 60. Kf2 Re4 61. Rg2 Kh3 62. Rg3+
Kh4 63. Rg2 Rd4 64. Rh2+ Kg5 65. Rg2 Rd2+ 66. Kg3 Rxg2+ 67. Kxg2 Kf4 68. Kf2
g3+ 69. Kg2 Kg4 70. Kh1 Kf3 71. Kg1 g2 72. c5 dxc5 73. b4 cxb4 74. Kh2 Kf2
{White resigns}
0-1

[Event "ICC tourney 2801 (60 5)"]
[Site "Internet Chess Club"]
[Date "2022.01.22"]
[Round "3"]
[White "KRISHNAN, SHREYANK:K05-16258876"]
[Black "SOUTHERLAND, TRIPP:Nachooo"]
[Result "1-0"]
[ICCResult "Black resigns"]
[WhiteElo "1054"]
[BlackElo "1219"]
[Opening "Grünfeld with Bf4 & e3"]
[ECO "D93"]
[NIC "GI.03"]
[Time "17:00:19"]
[PlyCount "79"]
[TimeControl "3600+5"]

1. d4 Nf6 2. c4 g6 3. Nc3 d5 4. Bf4 Bg7 5. Nf3 O-O 6. e3 c5 7. Be2 Nc6 8.
O-O a6 9. Re1 cxd4 10. exd4 dxc4 11. Bxc4 b5 12. Bb3 Bb7 13. Ne2 Na5 14. Nd2
Nxb3 15. Qxb3 Bd5 16. Qc2 Rc8 17. Qd3 Ba8 18. Nc3 Re8 19. Nb3 Nd5 20. Bd2
Nxc3 21. Bxc3 Qd5 22. f3 e5 23. Qe3 e4 24. Nd2 exf3 25. Qxe8+ Rxe8 26. Rxe8+
Bf8 27. Nxf3 Kg7 28. Rae1 Bd6 29. Kh1 Bc7 30. Rc8 Bf4 31. a3 h5 32. Ree8 Bb7
33. Rg8+ Kf6 34. Rc5 Qe4 35. d5+ Kf5 36. d6+ Bd5 37. d7 Be3 38. d8=Q Qb1+
39. Ne1 Bxc5 40. Qxd5+ {Black resigns} 1-0

[Event "ICC tourney 2801 (60 5)"]
[Site "Internet Chess Club"]
[Date "2022.01.22"]
[Round "3"]
[White "PADIYAR, SUNMAY:sunmay12"]
[Black "BRUDNO, STEPHEN:StevChess01"]
[Result "1-0"]
[ICCResult "Black checkmated"]
[WhiteElo "1369"]
[BlackElo "1440"]
[Opening "Sicilian: Alapin's variation (2.c3)"]
[ECO "B22"]
[NIC "SI.46"]
[Time "17:00:21"]
[PlyCount "199"]
[TimeControl "3600+5"]

1. e4 c5 2. c3 d5 3. exd5 Qxd5 4. Nf3 Nc6 5. Na3 a6 6. Bc4 Qe4+ 7. Be2 b5 8.
O-O Nf6 9. Nc2 Qd5 10. d4 e6 11. Bf4 Be7 12. Ne5 Nxe5 13. Bxe5 Bb7 14. Bf3
Qd7 15. Qe2 cxd4 16. Bxd4 Bxf3 17. Qxf3 O-O 18. Rad1 Qc7 19. Rfe1 Rac8 20.
Be5 Qc6 21. Qg3 Rfd8 22. Nb4 Qb7 23. Nd3 Qd5 24. a3 Qd7 25. h3 Qc6 26. Nf4
Rxd1 27. Rxd1 Qe4 28. Bxf6 Bxf6 29. Nh5 Qf5 30. Nxf6+ Qxf6 31. Qd6 e5 32.
Qxf6 gxf6 33. Rd6 a5 34. Rxf6 b4 35. axb4 axb4 36. Rf3 bxc3 37. Rxc3 Rb8 38.
Rc2 Kg7 39. Kh2 f6 40. Kg3 Kg6 41. f3 h5 42. Kh4 Rb3 43. Kg3 Kg5 44. h4+ Kg6
45. Kf2 Rb4 46. g3 Kf5 47. Ke2 e4 48. Rc5+ Kg6 49. fxe4 Rxb2+ 50. Kf3 Rb3+
51. Kf4 Rb1 52. Rc6 Rf1+ 53. Ke3 Kg7 54. Rc5 Kg6 55. Ke2 Ra1 56. e5 fxe5 57.
Rxe5 Ra3 58. Kf2 Rb3 59. Rg5+ Kh6 60. Re5 Ra3 61. Re6+ Kh7 62. Re5 Kh6 63.
Re3 Ra5 64. Kf3 Kg6 65. Re6+ Kf5 66. Rh6 Ra3+ 67. Kg2 Kg4 68. Rg6+ Kf5 69.
Rg5+ Ke4 70. Rxh5 Ra2+ 71. Kh3 Kf3 72. Rf5+ Ke4 73. Rf8 Ra5 74. Kg4 Ra7 75.
Rg8 Ke5 76. Kg5 Ke6 77. Rg6+ Kf7 78. Kh6 Ra5 79. h5 Kf8 80. g4 Rb5 81. g5
Rb7 82. Rf6+ Kg8 83. g6 Ra7 84. Rb6 Ra8 85. g7 Rc8 86. Rf6 Ra8 87. Rb6 Rc8
88. Rb7 Ra8 89. Rb6 Rc8 90. Rf6 Ra8 91. Kg6 Ra6 92. h6 Rxf6+ 93. Kxf6 Kh7
94. Kf7 Kxh6 95. g8=Q Kh5 96. Kf6 Kh4 97. Kf5 Kh3 98. Kf4 Kh2 99. Kf3 Kh1
100. Qg2# {Black checkmated} 1-0

[Event "ICC tourney 2801 (60 5)"]
[Site "Internet Chess Club"]
[Date "2022.01.23"]
[Round "4"]
[White "BADRINATH, ANIRUDH:abadrinath"]
[Black "Jones, Richard S:weakfish"]
[Result "1-0"]
[ICCResult "Black resigns"]
[WhiteElo "909"]
[BlackElo "1422"]
[Opening "Caro-Kann: Tartakower (fantasy) variation"]
[ECO "B12"]
[NIC "CK.02"]
[Time "11:00:37"]
[PlyCount "63"]
[TimeControl "3600+5"]

1. e4 c6 2. d4 d5 3. f3 dxe4 4. fxe4 Nf6 5. e5 Nd5 6. c4 Nb6 7. Nf3 Bg4 8.
Be2 e6 9. b3 Bb4+ 10. Bd2 Bxd2+ 11. Nbxd2 N8d7 12. h3 Bh5 13. Ne4 O-O 14.
O-O Bg6 15. Nc3 Rc8 16. a4 h6 17. a5 Na8 18. Bd3 Bxd3 19. Qxd3 Qe7 20. Rfb1
Rfd8 21. Qe3 a6 22. Kh2 Nf8 23. b4 Ng6 24. g3 Nc7 25. Ne4 Ne8 26. Nfd2 f6
27. Nf3 fxe5 28. dxe5 Kh7 29. h4 Qc7 30. Qc3 Qf7 31. Neg5+ hxg5 32. Nxg5+
{Black resigns}
1-0